 Dungeon Crawl Stone Soup version 0.31-a0-1074-g0b22e4e0f1 (webtiles) character file.

Game seed: 6835930796945713859

56 Lobster4 the Chiller (level 4, -3/32 HPs)
             Began as a Human Ice Elementalist on Nov 26, 2023.
             Slain by a goblin
             ... wielding a +0 club
             ... led by Robin
              (6 damage)
             ... on level 2 of the Dungeon.
             The game lasted 00:03:21 (1225 turns).

Lobster4 the Chiller (Human Ice Elementalist)       Turns: 1225, Time: 00:03:22

Health: -3/32      AC:  2    Str:  8    XL:     4   Next: 15%
Magic:  2/7        EV:  9    Int: 18    God:
Gold:   81         SH:  0    Dex: 13    Spells: 4/8 levels left

rFire   . . .        e - +2 dagger (protect)
rCold   . . .        (no shield)
rNeg    . . .        a - +0 robe
rPois   .            (no helmet)
rElec   .            (no cloak)
rCorr   .            (no gloves)
SInv    .            (no boots)
Will    .....        (no amulet)
Stlth   ++           (no ring)
HPRegen 0.25/turn    (no ring)
MPRegen 0.10/turn

%: no passive effects
@: constricted
A: no striking features
a: no special abilities


You were on level 2 of the Dungeon.
You visited 1 branch of the dungeon, and saw 2 of its levels.

You collected 81 gold pieces.

Inventory:

Hand Weapons
 e - a +2 dagger of protection (weapon)
Missiles
 n - a stone
Armour
 a - a +0 robe (worn)
 d - a +0 ring mail
Scrolls
 f - a scroll of amnesia {unknown}
 h - a scroll of identify
 k - 2 scrolls of revelation {unknown}
 m - a scroll of teleportation {unknown}
Potions
 b - a potion of magic
 c - a potion of enlightenment {unknown}
 g - a potion of heal wounds {unknown}
 i - a potion of invisibility {unknown}
 l - 2 potions of ambrosia {unknown}
 o - a potion of mutation {unknown}


   Skills:
 + Level 1.4 Fighting
 + Level 1.5 Armour
 - Level 2.0 Dodging
 - Level 2.0 Stealth
 + Level 2.5 Spellcasting
 + Level 4.3 Ice Magic


You had 4 spell levels left.
You knew the following spells:

 Your Spells              Type           Power      Damage    Failure   Level
a - Freeze                Ice            72%        1d8       2%          1
b - Frozen Ramparts       Ice            36%        1d6       9%          3

Your spell library contained the following spells:

 Spells                   Type           Power      Damage    Failure   Level
 Ozocubu's Armour         Ice            18%        N/A       9%          3
 Summon Ice Beast         Ice/Summ       10%        N/A       56%         4
 Vhi's Electric Charge    Tloc/Air       4%         N/A       86%         4
 Arcjolt                  Conj/Air       1%         1d11      99%         5
 Maxwell's Capacitive Co  Air            1%         ∞         100%        8


Dungeon Overview and Level Annotations

Branches:
Dungeon (2/15)

Altars:

Annotations:
D:2 Robin


Message History

The ball python constricts you.
Casting: Freeze (safe; 2% risk of failure)
Confirm with . or Enter, or press ? or * to list all spells.
Aiming: Freeze (safe; 2% risk of failure)
Press: ? - help, Shift-Dir - straight line, f - goblin
Aim: a goblin, wielding a +0 club You freeze the goblin.
The goblin is heavily wounded.
The goblin hits you but does no damage. x3; The ball python closely misses you.
The ball python constricts you.
Casting: Freeze (safe; 2% risk of failure)
Confirm with . or Enter, or press ? or * to list all spells.
Aiming: Freeze (safe; 2% risk of failure)
Press: ? - help, Shift-Dir - straight line, f/p - goblin
Aim: a goblin, wielding a +0 club (heavily wounded)
You freeze the goblin.
The goblin is severely wounded.
The goblin hits you with a +0 club.
Robin roars a battlecry!
The goblins go into a battle-frenzy!
The goblin hits you with a +0 club. The goblin hits you with a +0 dagger.
* * * LOW HITPOINT WARNING * * *
The ball python bites you.
* * * LOW HITPOINT WARNING * * *
The ball python constricts you.
As you read the scroll labelled EPEHAN XUUHO, it crumbles to dust.
It is a scroll of identify.
j - a potion of curing The ball python barely misses you.
The ball python constricts you. The goblin hits you with a +0 club.
* * * LOW HITPOINT WARNING * * *
Robin says, "My goblins will feast on your bones."
The goblin misses you. The goblin hits you with a +0 dagger.
* * * LOW HITPOINT WARNING * * *
You feel better. The ball python bites you.
* * * LOW HITPOINT WARNING * * *
The ball python constricts you. The goblin hits you with a +0 club.
* * * LOW HITPOINT WARNING * * *
The goblin barely misses you. The goblin hits you with a +0 club.
You die...

######## #.........
###### #......... #....)
#......... #.....
#......... ..gg##
#........† .gg#
#.........
###.###g#######.........
....gbS@g.†.............
###.###.g..#####....####
####.# #...†# # #.#
#....#### #.# #.......#
..# #.......# .##
#....†..# ... .
####....# .). #...†.


You could see 3 hobgoblins, 5 goblins, a bat and a ball python.

Vanquished Creatures
  Jessica (D:2)
  A dart slug (D:2)
  A bat (D:2)
  2 endoplasms (D:2)
  2 giant cockroaches
  5 goblins
  3 hobgoblins
  A quokka (D:2)
  2 ball pythons
  A frilled lizard (D:1)
  3 kobolds
  2 rats (D:2)
24 creatures vanquished.

Notes
Turn   | Place    | Note
-------+----------+-------------------------------------------
     0 | D:1      | Lobster4 the Human Ice Elementalist began the quest for the
                  | Orb.
     0 | D:1      | Reached XP level 1. HP: 13/13 MP: 3/3
   492 | D:1      | Reached XP level 2. HP: 20/20 MP: 1/5
   805 | D:2      | Found a faded altar of an unknown god.
  1034 | D:2      | Noticed Jessica
  1038 | D:2      | Killed Jessica
  1039 | D:2      | Reached skill level 1 in Fighting
  1039 | D:2      | Reached skill level 1 in Armour
  1039 | D:2      | Reached XP level 3. HP: 26/26 MP: 4/6
  1145 | D:2      | Reached XP level 4. HP: 32/32 MP: 7/7
  1149 | D:2      | Learned a level 3 spell: Frozen Ramparts
  1215 | D:2      | Noticed Robin
  1225 | D:2      | Slain by a goblin

Illustrated notes

Levels and vault maps discovered:
D:1:      minmay_arrival_cross, layout_loops_ring, patterned_corridor
D:2:      layout_basic, ebering_ecumenical_altar_webs, uniq_robin, uniq_jessica

Skill      XL: |  1  2 |
---------------+-------+-----
Fighting       | 1 |  1.4
Armour         | 1 |  1.5
Dodging        | |  2.0
Stealth        | |  2.0
Spellcasting   | |  2.5
Ice Magic      | |  4.3

Action                     |  1- 3 |  4- 6 || total
---------------------------+-------+-------++-------
  Melee: Dagger            |    16 |    11 ||    27
   Cast: Freeze            |    18 |     6 ||    24
    Use: Scroll            |       |     1 ||     1
         Potion            |       |     1 ||     1
   Stab: Sleeping          |     3 |       ||     3
 Armour: Robe              |    11 |    22 ||    33
  Dodge: Dodged            |    18 |    20 ||    38

Table legend: (Time is in decaauts)
 A = Elapsed time spent in this place.
 B = Non-inter-level travel time spent in this place.
 C = Inter-level travel time spent in this place.
 D = Time resting spent in this place.
 E = Time spent auto-exploring this place.
 F = Levels seen in this place.
 G = Mean time per level.
                   A        B        C        D        E       F      G
               +--------+--------+--------+--------+--------+-----+--------+
         Total |   1230 |   1215 |     15 |      8 |   1003 |   2 |  615.0 |
       Dungeon |   1230 |   1215 |     15 |      8 |   1003 |   2 |  615.0 |
               +--------+--------+--------+--------+--------+-----+--------+

Top non-repeatable levels by time:
     D:1: 815 daAuts
     D:2: 415 daAuts
